 Dungeon Crawl Stone Soup version 0.32-a0-981-g384da2ce10 (webtiles) character file.

Game seed: 11874967841134107856

2733 protoss039 the Trooper (level 9, -3/69 (71) HPs)
             Began as a Demonspawn Earth Elementalist on Apr 20, 2024.
             Was a Believer of Vehumet.
             Slain by a wight
             ... wielding a +4 long sword
              (6 damage)
             ... on level 8 of the Dungeon.
             The game lasted 00:13:26 (7059 turns).

protoss039 the Trooper (DsEE)                       Turns: 7059, Time: 00:13:27

HP:   -3/69 (71)    AC: 17    Str: 12    XL:     9   Next: 40%
MP:   16/18         EV: 11    Int: 23    God:    Vehumet [**....]
Gold: 552           SH:  5    Dex: 14    Spells: 9/20 levels left

rFire   . . .        y - +10 war axe of Ybraepru {protect, Fly Str+3}
rCold   + . .        (no shield)
rNeg    . . .        H - +2 leather armour {rC+}
rPois   +            a - +0 helmet
rElec   .            (no cloak)
rCorr   .            n - +0 pair of gloves
SInv    +            t - +2 pair of boots
Will    .....        i - amulet of reflection
Stlth   ++           z - ring of poison resistance
HPRegen 0.31/turn    p - ring of see invisible
MPRegen 0.16/turn

%: reflection
@: under a protective aura, flying, lightly drained
A: hooves 2, ignite blood 2, big brain 2
a: Renounce Religion


You were on level 8 of the Dungeon.
You worshipped Vehumet.
Vehumet was pleased with you.
You visited 2 branches of the dungeon, and saw 9 of its levels.

You collected 552 gold pieces.

Inventory:

Hand Weapons
 c - a +2 whip of electrocution
 w - the +7 spear "Jellybane" {antimagic, rPois Will- rCorr}
   (You found it on level 3 of the Dungeon)

   rPois:     It protects you from poison.
   Will-:     It decreases your willpower.
   rCorr:     It protects you from acid and corrosion.
 y - the +10 war axe of Ybraepru (weapon) {protect, Fly Str+3}
   (You found it on level 4 of the Dungeon)

   Str+3:     It affects your strength (+3).
   Fly:       It grants you flight.
 C - a +3 vampiric dagger
 D - a +0 falchion of distortion
 F - the +10 whip "Feid Vet" {flame, *Corrode Fly rC+ Int+3}
   (You found it on level 6 of the Dungeon)

   Int+3:     It affects your intelligence (+3).
   rC+:       It protects you from cold.
   Fly:       It grants you flight.
   *Corrode:  It may corrode you when you take damage.
 J - a +0 dagger of venom
Missiles
 x - 16 poisoned darts
 E - a throwing net
Armour
 a - a +0 helmet (worn)
 n - a +0 pair of gloves (worn)
 t - a +2 pair of boots (worn)
 H - a +2 leather armour of cold resistance (worn)
Jewellery
 i - an amulet of reflection (around neck)
 j - a ring of ice
 p - a ring of see invisible (right hand)
 z - a ring of poison resistance (left hand)
 I - a ring of ice
Wands
 s - a wand of flame (30)
Scrolls
 d - a scroll of fear
 e - a scroll of acquirement {unknown}
 f - a scroll of vulnerability {unknown}
 g - 2 scrolls of teleportation
 k - a scroll of blinking {unknown}
 l - a scroll of identify
 q - a scroll of fog {unknown}
 B - a scroll of immolation {unknown}
Potions
 b - a potion of magic
 h - a potion of berserk rage {unknown}
 m - 2 potions of curing
 o - 3 potions of might
 r - 3 potions of brilliance
 u - a potion of resistance {unknown}
 v - a potion of heal wounds {unknown}
 A - 4 potions of lignification
 G - a potion of attraction {unknown}


   Skills:
 + Level 6.5 Fighting
 - Level 3.0 Dodging
 - Level 3.0 Stealth
 + Level 6.3 Spellcasting
 + Level 4.8 Conjurations
 + Level 6.5 Earth Magic


You had 9 spell levels left.
You knew the following spells:

 Your Spells              Type           Power      Damage    Failure   Level
a - Sandblast             Erth           74%        2d16      1%          1
b - Passwall              Erth           37%        N/A       2%          3
c - Stone Arrow           Conj/Erth      66%        3d11      3%          3
d - Brom's Barrelling Bo  Conj/Erth      33%        2d5       10%         4

Your spell library contained the following spells:

 Spells                   Type           Power      Damage    Failure   Level
 Shock                    Conj/Air       72%        1d7       3%          1
 Magic Dart               Conj           100%       1d8       1%          1
 Momentum Strike          Conj/Tloc      36%        3d9       6%          2
 Blink                    Tloc           14%        N/A       16%         2
 Call Imp                 Summ           14%        N/A       16%         2
 Lesser Beckoning         Tloc           14%        N/A       16%         2
 Petrify                  Alch/Erth      22%        N/A       26%         4
 Summon Blazeheart Golem  Fire/Summ      7%         N/A       71%         4
 Orb of Destruction       Conj           14%        9d7       100%        7
 Spellforged Servitor     Conj/Summ      9%         N/A       100%        7


Dungeon Overview and Level Annotations

Branches:
Dungeon (8/15) Zot: 26741  Temple (1/1) D:4 Zot: 5989
   Lair: D:8-11

Altars:
Ashenzari
Cheibriados
Dithmenos
Fedhas
Gozag
Hepliaklqana
Kikubaaqudgha
Makhleb
Nemelex Xobeh
Okawaru
Qazlal
Uskayaw
Vehumet
Xom
Yredelemnul

Shops:
D:1 *   D:2 (   D:3 (   D:4 [   D:5 [*   D:7 (

Annotations:
D:3 1 runed translucent door, basamash's ghost, weakling MiHu
D:6 3 runed translucent doors, Snaaty's ghost, amateur DsIE


Innate Abilities, Weirdness & Mutations

You have hoof-like feet.
Your demonic aura often causes spilled blood to erupt in flames.
You have an extremely huge brain. (Int +4)


Message History

Unknown command.
Unknown command.
You feel better.
The centaur shoots an arrow.
The arrow hits you but does no damage.
The centaur shoots an arrow.
The arrow hits you.
* * * LOW HITPOINT WARNING * * *
The wight hits you but does no damage.
The steam dragon is engulfed in blazing flames.
You block the steam dragon's attack. The steam dragon barely misses you.
The wight hits you with a +4 long sword.
* * * LOW HITPOINT WARNING * * *
Unknown command.
As you read the scroll of fear, it crumbles to dust.
You assume a fearsome visage.
The wight is unaffected. x2
The centaur looks frightened!
The steam dragon looks frightened!
The orc looks frightened!
The wight completely misses you.
The steam dragon is engulfed in blazing flames.
You kill the steam dragon!
Vehumet accepts your kill.
You feel your power returning. You block the wight's attack.
Your life force feels restored.
Unknown command.
Unknown command.
Unknown command.
Press: ? - help, v - describe, . - travel
Here: a wight, wielding a +3 halberd of freezing and wearing a +0 robe The floor.
Casting: Sandblast (safe; 1% risk of failure)
Confirm with . or Enter, or press ? or * to list all spells.
Aiming: Stone Arrow (dangerous; 3% risk of failure)
Press: ? - help, Shift-Dir - straight line, f - wight
Aim: a wight, wielding a +3 halberd of freezing and wearing a +0 robe (74% to hit)
The stone arrow hits the wight!!
You destroy the wight!
Vehumet accepts your kill.
You feel your power returning.
The wight hits you with a +4 long sword!
* * * LOW HITPOINT WARNING * * *
You feel drained.
You die...

#. .# ####### # ..
#.....# .. #. #.###.#
### ...##.######.###.#
#..
..c>..o...##.....#####..
....).°○................
...#))@........####.#..
#.#z.§§.....# #...##
.....§.##########≈.##
........§# .....≈##
..........# ≈.≈.≈...
..........# .....[.≈## .
##......# ######≈...
####...# #.......
........


You could see a centaur (fleeing), a wight and an orc (fleeing).

Vanquished Creatures
  A hornet (D:8)
  A wyvern (D:7)
  A steam dragon (D:8)
  Menkaure (D:7)
  2 water moccasins
  An orc warrior (D:8)
  An ice beast (D:6)
  A sky beast (D:7)
  2 black bears
  2 ogres
  A kobold brigand (D:8)
  A phantom (D:5)
  2 bullfrogs (D:7)
  A burial acolyte (D:6)
  2 wights (D:8)
  2 howler monkeys (D:7)
  3 bombardier beetles
  An orc priest (D:7)
  2 gnoll boudas
  2 hounds
  2 jellies
  An iguana (D:6)
  A sleepcap (D:6)
  7 orc wizards
  8 gnolls
  5 adders
  4 ufetubi
  An adder zombie (D:6)
  4 dart slugs
  3 ribbon worms
  20 orcs
  6 ball pythons
  14 endoplasms
  3 giant cockroaches
  5 goblins
  9 hobgoblins
  2 jackals (D:2)
  5 quokkas
  3 bats
  5 frilled lizards
  2 jackal zombies (D:6)
  14 kobolds
  7 rats
  A spectral kobold (D:4)
162 creatures vanquished.

Vanquished Creatures (others)
  A kobold brigand (D:4)
1 creature vanquished.

Grand Total: 163 creatures vanquished

Notes
Turn   | Place    | Note
-------+----------+-------------------------------------------
     0 | D:1      | protoss039 the Demonspawn Earth Elementalist began the
                  | quest for the Orb.
     0 | D:1      | Reached XP level 1. HP: 13/13 MP: 3/3
   207 | D:1      | Found Ukhotel's Assorted Antiques.
   459 | D:1      | Gained mutation: You have an unusually large brain. (Int
                  | +2) [demonic ancestry]
   459 | D:1      | Reached XP level 2. HP: 20/20 MP: 3/5
   477 | D:1      | Reached skill level 1 in Fighting
  1084 | D:2      | Found Wanoi's Antique Weapon Shop.
  1227 | D:2      | Gained mutation: Your demonic aura sometimes causes spilled
                  | blood to erupt in flames. [demonic ancestry]
  1227 | D:2      | Reached XP level 3. HP: 26/26 MP: 4/6
  1616 | D:2      | Learned a level 3 spell: Passwall
  1620 | D:2      | Learned a level 3 spell: Stone Arrow
  1935 | D:3      | Gained mutation: Your demonic aura often causes spilled
                  | blood to erupt in flames. [demonic ancestry]
  1935 | D:3      | Reached XP level 4. HP: 33/33 MP: 4/8
  2085 | D:3      | Found Havviwna's Weapon Shop.
  2238 | D:3      | Identified the +7 spear "Jellybane" {antimagic, rPois Will-
                  | rCorr}
  2429 | D:3      | Found a runed translucent door.
  2430 | D:3      | Noticed basamash's ghost (weakling MiHu)
  2668 | D:4      | Reached XP level 5. HP: 39/39 MP: 3/9
  2697 | D:4      | Found a staircase to the Ecumenical Temple.
  2721 | Temple   | Entered the Ecumenical Temple
  2726 | Temple   | Became a worshipper of Vehumet
  3036 | D:4      | Identified the +10 war axe of Ybraepru {protect, Fly Str+3}
  3188 | D:4      | Found Fisot's Antique Armour Shop.
  3313 | D:4      | Reached XP level 6. HP: 46/47 MP: 11/11
  3365 | D:4      | Found a basalt altar of Yredelemnul.
  3460 | D:4      | Found a hazy altar of Hepliaklqana.
  3664 | D:5      | Entered Level 5 of the Dungeon
  3744 | D:5      | Found Luelinok's Armour Shoppe.
  3877 | D:5      | Found Tanom's Lightly-Used Armoury.
  4019 | D:5      | Reached * piety under Vehumet
  4019 | D:5      | Offered knowledge of Foxfire by Vehumet.
  4157 | D:5      | Gained mutation: You have large cloven feet. [demonic
                  | ancestry]
  4157 | D:5      | Reached XP level 7. HP: 49/54 MP: 6/13
  4501 | D:5      | Learned a level 4 spell: Brom's Barrelling Boulder
  4540 | D:6      | Identified the +10 whip "Feid Vet" {flame, *Corrode Fly rC+
                  | Int+3}
  4751 | D:6      | Reached skill level 5 in Earth Magic
  4795 | D:6      | Noticed a hornet
  4796 | D:6      | Noticed Snaaty's ghost (amateur DsIE)
  4804 | D:6      | Gained mutation: You have an extremely huge brain. (Int +4)
                  | [demonic ancestry]
  4804 | D:6      | Reached XP level 8. HP: 61/61 MP: 1/15
  4926 | D:6      | Found a runed translucent gate.
  4926 | D:6      | Found a runed translucent gate.
  4927 | D:6      | Found a runed translucent gate.
  5100 | D:6      | Found an ancient bone altar of Kikubaaqudgha.
  5151 | D:6      | Reached skill level 5 in Spellcasting
  5314 | D:6      | Found a shimmering altar of Xom.
  5535 | D:7      | Found a broken altar of Ashenzari.
  5541 | D:7      | Found Ziecuum's Antique Weapon Boutique.
  5646 | D:7      | Reached skill level 5 in Fighting
  5765 | D:7      | Found an iron altar of Okawaru.
  5781 | D:7      | Noticed Menkaure
  5785 | D:7      | Killed Menkaure
  5890 | D:7      | Found a blossoming altar of Fedhas.
  5901 | D:7      | Found a burning altar of Makhleb.
  6206 | D:7      | Gained mutation: You have hoof-like feet. [demonic
                  | ancestry]
  6206 | D:7      | Reached XP level 9. HP: 49/69 MP: 13/17
  6684 | D:7      | Found a sparkling altar of Nemelex Xobeh.
  6827 | D:8      | Reached ** piety under Vehumet
  6983 | D:8      | Offered knowledge of Shock by Vehumet.
  7059 | D:8      | HP: 3/71 [wight/+4 long sword (13)]
  7059 | D:8      | Slain by a wight

Illustrated notes

Levels and vault maps discovered:
D:1:      dpeg_arrival_rhombi, layout_basic, serial_shops,
          nicolae_shop_overgrown_old_shop
D:2:      layout_basic, serial_shops, shop, basic_altar
D:3:      layout_loops_ring, serial_shops, shop, gammafunk_ghost_grave,
          minmay_joined_circles
D:4:      layout_loops_cross, yredelemnul_altar_generic,
          nicolae_hepliaklqana_monster_ancestors, minmay_temple_entry_wispy,
          serial_rivers, chequers_serial_rivers_micro_b,
          chequers_serial_rivers_room_b, chequers_serial_rivers_small_a,
          chequers_serial_rivers_micro_e, serial_shops,
          nicolae_shop_tiny_statue_garden
D:5:      layout_basic, serial_shops, nicolae_shop_hallway_plus,
          minmay_shop_damaged
D:6:      layout_basic, kennysheep_little_box,
          lemuel_zombie_altar_kikubaaqudgha, gammafunk_ghost_split,
          minmay_misc_feat_alley
D:7:      layout_cave_pods, overflow_temple_1_default,
          nemelex_dance_club_becter, mainiacjoe_overflow_tiny_flanked,
          mainiacjoe_overflow_catch_the_wave, serial_shops, shop,
          corexii_corridor_pit, nicolae_concentric_dashed_squares_wild,
          uniq_menkaure
D:8:      layout_basic, nzn_overflow_gifts_of_might_and_magic,
          mainiacjoe_overflow_paths, nicolae_ru_path_of_blood, minmay_liquid_box
Temple:   hellmonk_temple_micro_hex

Skill      XL: |  1  2  3  4  5  6  7  8  9 |
---------------+----------------------------+-----
Fighting       | 1 2 3 4 5 6 |  6.5
Earth Magic    | 3 4 5 6 |  6.5
Spellcasting   | 3 4 5 6 |  6.3
Dodging        | 2 3 |  3.0
Stealth        | 2 3 |  3.0
Conjurations   | 2 4 |  4.8

Action                     |  1- 3 |  4- 6 |  7- 9 || total
---------------------------+-------+-------+-------++-------
  Melee: Dagger            |    24 |     5 |       ||    29
         Spear             |       |    63 |       ||    63
         War axe           |       |    41 |    68 ||   109
   Cast: Sandblast         |    53 |    15 |    25 ||    93
         Stone Arrow       |       |    10 |    29 ||    39
    Use: Scroll            |       |     5 |     4 ||     9
         Potion            |       |       |     2 ||     2
   Stab: Sleeping          |       |     4 |     3 ||     7
 Armour: Robe              |    19 |    60 |     9 ||    88
         Leather armour    |       |       |    63 ||    63
  Dodge: Dodged            |    12 |    49 |    48 ||   109
  Block: Other             |     5 |    30 |    19 ||    54
         Reflection        |       |     3 |     1 ||     4

Table legend: (Time is in decaauts)
 A = Elapsed time spent in this place.
 B = Non-inter-level travel time spent in this place.
 C = Inter-level travel time spent in this place.
 D = Time resting spent in this place.
 E = Time spent auto-exploring this place.
 F = Levels seen in this place.
 G = Mean time per level.
                   A        B        C        D        E       F      G
               +--------+--------+--------+--------+--------+-----+--------+
         Total |   7161 |   6851 |    310 |      0 |   5804 |   9 |  795.7 |
       Dungeon |   7151 |   6846 |    305 |      0 |   5804 |   8 |  893.9 |
        Temple |     10 |      5 |      5 |      0 |      0 |   1 |   10.0 |
               +--------+--------+--------+--------+--------+-----+--------+

Top non-repeatable levels by time:
     D:7: 1297 daAuts
     D:6: 1028 daAuts
     D:3: 1025 daAuts
     D:4: 1017 daAuts
     D:1: 968 daAuts
     D:5: 868 daAuts
     D:2: 688 daAuts
     D:8: 257 daAuts
  Temple: 10 daAuts
